 Dungeon Crawl Stone Soup version 0.24-b1-44-g37ad8b309f (webtiles) character file.

Game seed: 4856187818736856055, levelgen mode: deterministic

105 Mrkan the Chopper (level 4, -3/61 HPs)
             Began as a Minotaur Berserker on Oct 24, 2019.
             Was a Believer of Trog.
             Slain by a gnoll
             ... wielding a +1 flail of crushing
              (4 damage)
             ... on level 2 of the Dungeon.
             The game lasted 00:01:56 (1156 turns).

Mrkan the Chopper (Minotaur Berserker)              Turns: 1156, Time: 00:01:57

Health: -3/61      AC:  2    Str: 27    XL:     4   Next: 53%
Magic:  3/3        EV: 12    Int:  4    God:    Trog [**....]
Gold:   95         SH:  0    Dex: 10    Spells: 3/3 levels left

rFire    . . .     SeeInvis .   a - +0 hand axe
rCold    . . .     Gourm    .   (no shield)
rNeg     . . .     Faith    .   b - +0 animal skin
rPois    .         Spirit   .   (helmet restricted)
rElec    .         Reflect  .   (no cloak)
rCorr    .         Harm     .   (no gloves)
MR       .....                  (no boots)
Stlth    ..........             (no amulet)
HPRegen  0.20/turn              (no ring)
MPRegen  0.08/turn              (no ring)

@: berserking, very quick
A: retaliatory headbutt, horns 2
a: Berserk, Trog's Hand, Renounce Religion


You were on level 2 of the Dungeon.
You worshipped Trog.
Trog was pleased with you.
You were hungry.

You visited 1 branch of the dungeon, and saw 2 of its levels.

You collected 95 gold pieces.

Inventory:

Hand Weapons
 a - a +0 hand axe (weapon)
 m - a +0 hunting sling
Missiles
 n - 116 stones (quivered)
Armour
 b - a +0 animal skin (worn)
Scrolls
 g - a scroll of identify {unknown}
 h - a scroll of random uselessness {unknown}
 i - a scroll of teleportation {unknown}
 j - a scroll of enchant weapon {unknown}
 k - 2 scrolls of remove curse {unknown}
Potions
 d - 2 potions of haste {unknown}
 e - a potion of mutation {unknown}
 f - 4 potions of curing {unknown}
 l - 2 potions of degeneration {unknown}
 o - a potion of agility {unknown}
Comestibles
 c - 2 rations
 p - 2 chunks of flesh


   Skills:
 + Level 4.6 Fighting
 * Level 5.8 Axes
 - Level 2.4 Armour
 - Level 2.1 Dodging
 + Level 0.1 Stealth


You had 3 spell levels left.
You didn't know any spells.
Your spell library was empty.

Dungeon Overview and Level Annotations

Branches:
Dungeon (2/15)

Altars:
Ru


Innate Abilities, Weirdness & Mutations

You reflexively headbutt those who attack you in melee.
You have a pair of horns on your head.


Message History

* * * LOW HITPOINT WARNING * * *
A rat comes into view.
The gnoll closely misses you. You furiously retaliate!
You headbutt the gnoll!!
You kill the gnoll!
Trog accepts your kill. The gnoll hits you with a +0 spear.
* * * LOW HITPOINT WARNING * * *
You see here a +0 club.
Unknown command.
You barely miss the gnoll. You slash the gnoll! You barely miss the gnoll.
You completely miss the gnoll. The gnoll closely misses you.
The gnoll misses you. You furiously retaliate!
You headbutt the gnoll!
You kill the gnoll!
Trog accepts your kill.
The rat twitches its whiskers.
You completely miss the gnoll.
The gnoll is severely wounded.
The gnoll hits you with a +1 flail of crushing.
You die...

#......# #......#
#......# #......# ######
####'#### #....#
#........ #.(..#
#.##.####
#####....###.##.####
#.g@'....'.......)..
......)##....###.##.####
......r ###### #.#......
....... #.#..####
....... ####.#..####
.....>. ............
.......## ####.#..####
.......... ###.#รท.#
..... #.#.#..#


You could see a gnoll and a rat.

Vanquished Creatures
  An orc wizard (D:2)
  3 gnolls (D:2)
  2 worms (D:2)
  A dart slug (D:2)
  2 leopard geckos
  5 giant cockroaches
  5 goblins
  A hobgoblin (D:2)
  3 jackals (D:1)
  A ball python (D:2)
  4 bats
  2 frilled lizards (D:2)
  4 kobolds
  6 rats
40 creatures vanquished.

Notes
Turn   | Place    | Note
-------+----------+-------------------------------------------
     0 | D:1      | Mrkan the Minotaur Berserker began the quest for the Orb.
     0 | D:1      | Reached XP level 1. HP: 19/19 MP: 0/0
    33 | D:1      | Reached skill level 4 in Axes
   129 | D:1      | Reached XP level 2. HP: 25/27 MP: 1/1
   761 | D:2      | Reached XP level 3. HP: 27/33 MP: 2/2
   778 | D:2      | Found a sacrificial altar of Ru.
   781 | D:2      | Reached ** piety under Trog
   789 | D:2      | Reached skill level 5 in Axes
   908 | D:2      | Reached XP level 4. HP: 21/41 MP: 3/3
  1153 | D:2      | HP: 1/61 [gnoll/+0 spear (4)]
  1156 | D:2      | Slain by a gnoll

Skill      XL: |  1  2  3 |
---------------+----------+-----
Axes           | 4 5 |  5.8
Fighting       | 4 |  4.6
Armour         | |  2.4
Dodging        | |  2.1
Stealth        | |  0.1

Action                   |  1- 3 |  4- 6 || total
-------------------------+-------+-------++-------
Melee: Hand axe          |    46 |    18 ||    64
       Headbutt          |    11 |     3 ||    14
Invok: Berserk           |       |     1 ||     1
 Stab: Paralysed         |     1 |       ||     1
  Eat: Chunk             |       |     1 ||     1
Armor: Animal skin       |     9 |     2 ||    11
Dodge: Dodged            |    34 |    11 ||    45
